[Event "Titled Tuesday Blitz October 31 Early 2023"]
[White "Devaev, Alexander"]
[Black "Ginzburg, Yakov"]
[WhiteFideId "4169395"]
[BlackFideId "4157176"]
[WhiteElo "2464"]
[BlackElo "2610"]
[Result "1-0"]
[Round "9"]
[TimeControl "180+1"]
[Date "2023.10.31"]
[WhiteClock "0:00:30"]
[BlackClock "0:00:00"]
[Board "65"]

1. Nf3 Nf6 2. c4 c6 3. e3 d5 4. b3 Bf5 5. Bb2 e6 6. Be2 h6 7. O-O Nbd7 8. Nd4 Bh7 9. f4 Bd6 10. Nc3 O-O 11. Nf3 Re8 12. Kh1 e5 13. fxe5 Nxe5 14. cxd5 cxd5 15. Nb5 Nxf3 16. Nxd6 Qxd6 17. gxf3 Rac8 18. Rg1 Bg6 19. Qe1 Ne4 20. Rxg6 Qxg6 21. fxe4 Qxe4+ 22. Kg1 Re6 23. Bh5 Rcc6 24. Qf2 Rg6+ 25. Bxg6 Rxg6+ 26. Kf1 Qh1+ 27. Ke2 Qe4 28. Rg1 a5 29. Bd4 Kh8 30. Rxg6 Qxg6 31. Qg3 Qh5+ 32. Ke1 f6 33. h4 Qf5 34. Ke2 b5 35. a3 a4 36. bxa4 bxa4 37. Qf4 Qc2 38. Bc3 Qg6 39. Qxa4 Qh5+ 40. Kd3 Qf5+ 41. Ke2 Qh5+ 42. Ke1 Qf3 43. Qf4 Qh1+ 44. Ke2 Qg2+ 45. Kd3 Qg6+ 46. Kd4 1-0


[Site "https://www.chess.com"]

[Event "Titled Tuesday Blitz October 31 Early 2023"]
[White "Ahmad, Khagan"]
[Black "Buchenau, Frank"]
[WhiteFideId "13431552"]
[BlackFideId "4604350"]
[WhiteElo "2609"]
[BlackElo "2471"]
[Result "1-0"]
[Round "9"]
[TimeControl "180+1"]
[Date "2023.10.31"]
[WhiteClock "0:00:07"]
[BlackClock "0:00:30"]
[Board "66"]

1. e4 e6 2. d4 d5 3. Nd2 c5 4. Ngf3 cxd4 5. Nxd4 Nc6 6. Bb5 Bd7 7. Nxc6 bxc6 8. Bd3 Bd6 9. Qe2 Ne7 10. c4 O-O 11. O-O Ng6 12. Nf3 Nf4 13. Bxf4 Bxf4 14. cxd5 cxd5 15. exd5 exd5 16. Rad1 Re8 17. Qc2 Rc8 18. Bxh7+ Kh8 19. Qd3 Qf6 20. Qxd5 Bc6 21. Qh5 Bh6 22. Bf5 Qxb2 23. Bxc8 Rxc8 24. Ne5 Be8 25. Nxf7+ Kh7 26. Rd6 Rc1 27. Rxh6+ gxh6 28. Qxh6+ Kg8 29. Qxc1 1-0


[Site "https://www.chess.com"]

[Event "Titled Tuesday Blitz October 31 Early 2023"]
[White "Pinto, Daniel"]
[Black "FoxOnTheRun97"]
[WhiteFideId "3303144"]
[WhiteElo "2455"]
[BlackElo "2602"]
[Result "0-1"]
[Round "9"]
[TimeControl "180+1"]
[Date "2023.10.31"]
[WhiteClock "0:00:00"]
[BlackClock "0:00:07"]
[Board "67"]

1. e4 c6 2. Nf3 d5 3. Nc3 Nf6 4. e5 Ng8 5. d4 Bg4 6. h3 Bxf3 7. Qxf3 e6 8. Bd3 c5 9. dxc5 Bxc5 10. O-O Nc6 11. Qg3 Nge7 12. a3 Bd4 13. Re1 Ng6 14. Bxg6 hxg6 15. Nb5 Rh5 16. Nxd4 Nxd4 17. Qd3 Nc6 18. f4 Rc8 19. Be3 Kf8 20. Bc5+ Kg8 21. Bf2 a6 22. b3 Qc7 23. Re2 g5 24. f5 Nxe5 25. Qg3 f6 26. fxe6 Rh4 27. Rd1 Re4 28. Rxe4 dxe4 29. c4 Re8 30. Bd4 Rxe6 31. Bxe5 Rxe5 32. Qg4 Re7 33. Qf5 e3 34. Qd5+ Kh7 35. Qf5+ Kh6 36. Re1 e2 37. h4 Qg3 38. Qf2 gxh4 0-1


[Site "https://www.chess.com"]

[Event "Titled Tuesday Blitz October 31 Early 2023"]
[White "Leyva Proenza, Richard"]
[Black "MMAHDI2013"]
[WhiteFideId "3500985"]
[WhiteElo "2591"]
[BlackElo "2451"]
[Result "0-1"]
[Round "9"]
[TimeControl "180+1"]
[Date "2023.10.31"]
[WhiteClock "0:01:26"]
[BlackClock "0:01:31"]
[Board "68"]

1. e4 c6 2. d4 d5 3. Nc3 dxe4 4. Nxe4 Nf6 5. Nxf6+ exf6 6. Bc4 Bd6 7. Qe2+ Be7 8. Nf3 O-O 9. Be3 Re8 10. O-O-O Na6 11. Kb1 Nb4 12. Rhe1 Bf5 13. Bb3 a5 14. Nh4 a4 15. Nxf5 axb3 16. cxb3 Rxa2 17. Qg4 Ra1+ 18. Kxa1 Qa5+ 19. Kb1 Qa2+ 20. Kc1 Qa1+ 21. Kd2 Qxb2# 0-1


[Site "https://www.chess.com"]

[Event "Titled Tuesday Blitz October 31 Early 2023"]
[White "Liu, Casper"]
[Black "Bulmaga, Irina"]
[WhiteFideId "1454153"]
[BlackFideId "13903063"]
[WhiteElo "2448"]
[BlackElo "2583"]
[Result "1-0"]
[Round "9"]
[TimeControl "180+1"]
[Date "2023.10.31"]
[WhiteClock "0:00:07"]
[BlackClock "0:00:00"]
[Board "69"]

1. e4 c5 2. Nc3 Nc6 3. g3 g6 4. Bg2 Bg7 5. d3 e6 6. f4 Nge7 7. Nf3 d5 8. e5 h5 9. O-O Rb8 10. a4 a6 11. Ng5 Nf5 12. Qf3 Bh6 13. h3 O-O 14. g4 Nh4 15. Qg3 Nxg2 16. gxh5 Bxg5 17. fxg5 Ne3 18. Bxe3 Qc7 19. Bf4 Bd7 20. Nxd5 exd5 21. e6 Qb6 22. Bc7 Qxb2 23. Bxb8 Bxe6 24. Bd6 Re8 25. hxg6 Nd4 26. Rae1 fxg6 27. Be5 Bf5 28. Bxd4 Qxd4+ 29. Qf2 Rxe1 30. Rxe1 Qxa4 31. Qxc5 Bxh3 32. Qxd5+ Kf8 33. Qe5 Qg4+ 34. Kf2 Qg2+ 35. Ke3 Bf5 36. Kd4 Qf2+ 37. Kc3 Qb6 38. Kd2 1-0


[Site "https://www.chess.com"]

[Event "Titled Tuesday Blitz October 31 Early 2023"]
[White "brm72"]
[Black "Shishkov, Andrei"]
[BlackFideId "4500563"]
[WhiteElo "2576"]
[BlackElo "2442"]
[Result "1-0"]
[Round "9"]
[TimeControl "180+1"]
[Date "2023.10.31"]
[WhiteClock "0:00:21"]
[BlackClock "0:00:10"]
[Board "70"]

1. e4 d5 2. exd5 Nf6 3. Nc3 Nxd5 4. Nf3 Bg4 5. Be2 Nc6 6. d3 e6 7. O-O Be7 8. h3 Bh5 9. Ne4 O-O 10. Ng3 Bg6 11. c3 Qd7 12. d4 Rad8 13. Bb5 a6 14. Ne5 Qd6 15. Bxc6 bxc6 16. Qa4 c5 17. Re1 cxd4 18. cxd4 c5 19. dxc5 Qc7 20. Nc6 Bxc5 21. b4 Nxb4 22. Nxb4 Qxg3 23. Be3 Bxe3 24. Rxe3 Qf4 25. Qa5 Rd2 26. Rf1 Qd4 27. Nc6 Qd5 28. Ne7+ 1-0


[Site "https://www.chess.com"]

[Event "Titled Tuesday Blitz October 31 Early 2023"]
[White "Ziatdinov, Raset"]
[Black "Jaskolka, Tomasz"]
[WhiteFideId "2015323"]
[BlackFideId "1170791"]
[WhiteElo "2435"]
[BlackElo "2573"]
[Result "1-0"]
[Round "9"]
[TimeControl "180+1"]
[Date "2023.10.31"]
[WhiteClock "0:00:14"]
[BlackClock "0:00:02"]
[Board "71"]

1. e4 d5 2. exd5 Nf6 3. d4 Bg4 4. Nf3 Qxd5 5. Be2 Nc6 6. c4 Qf5 7. d5 Nb8 8. Nc3 e6 9. O-O Bd6 10. Nd4 Qg6 11. Bxg4 Nxg4 12. h3 Ne5 13. dxe6 O-O 14. f4 Nxc4 15. f5 Qg3 16. Rf3 Qh2+ 17. Kf2 Nc6 18. Nxc6 bxc6 19. Qd4 Ne5 20. e7 Rfe8 21. Rg3 Rxe7 22. f6 Ng6 23. Rxg6 hxg6 24. fxe7 Bg3+ 25. Kf3 Re8 26. Bf4 Bxf4 27. Qxf4 Qxf4+ 28. Kxf4 Rxe7 29. Rd1 f6 30. Rd8+ Kh7 31. Rc8 g5+ 32. Kf3 Kg6 33. Ne4 f5 34. Nc3 f4 35. g4 fxg3 36. Kxg3 Kf5 37. Kf3 Rf7 38. Re8 Kg6+ 39. Kg3 Rd7 40. Re6+ Kf5 41. Rxc6 Rd3+ 42. Kg2 Rd2+ 43. Kg3 Rd3+ 44. Kf2 Rxh3 45. Rc5+ Kf4 46. Rc4+ Kf5 47. Rc5+ Kf4 48. Ne2+ Ke4 49. Rc4+ Kd5 50. Rxc7 g4 51. Rxg7 Rh2+ 52. Ke3 Rh3+ 53. Kd2 Rh4 54. Rg5+ Ke4 55. Rg7 Kf3 56. Rxa7 Rh2 57. Rf7+ Kg2 58. Ke3 Rh3+ 59. Ke4 Rh8 60. Nf4+ Kh2 61. Rg7 g3 62. Kf3 Rb8 63. Rh7+ Kg1 64. Ne2+ Kf1 65. Rh1# 1-0


[Site "https://www.chess.com"]

[Event "Titled Tuesday Blitz October 31 Early 2023"]
[White "crazy_m_attack"]
[Black "Ergali_Suleimen"]
[WhiteElo "2429"]
[BlackElo "2571"]
[Result "1/2-1/2"]
[Round "9"]
[TimeControl "180+1"]
[Date "2023.10.31"]
[WhiteClock "0:00:04"]
[BlackClock "0:00:11"]
[Board "72"]

1. e4 c5 2. Nf3 Nc6 3. d4 cxd4 4. Nxd4 e6 5. Nc3 Qc7 6. Be3 a6 7. Be2 Nf6 8. O-O Be7 9. f4 d6 10. Qe1 O-O 11. Rd1 Nxd4 12. Bxd4 e5 13. Be3 exf4 14. Bxf4 Qb6+ 15. Kh1 Qxb2 16. Bxd6 Bxd6 17. Rxd6 Be6 18. e5 Nd7 19. Bd3 Rac8 20. Nd5 Bxd5 21. Rxd5 Nc5 22. Bf5 Ne6 23. Rd7 Qb5 24. Re7 Rce8 25. Bd3 Qc6 26. Qh4 h6 27. Be4 Qb5 28. c4 Qxe5 29. Bd5 Qg5 30. Qxg5 Nxg5 31. Rxb7 Re2 32. h4 Ne6 33. a4 Ra2 34. Rfxf7 Rxf7 35. Bxe6 Rf2 36. Bxf7+ Rxf7 37. Rb8+ Kh7 38. Ra8 Rf6 39. Rc8 Rf4 40. g3 Rf3 41. Kg2 Ra3 42. c5 Rxa4 43. c6 Rc4 44. c7 a5 45. Ra8 Rxc7 46. Rxa5 Rc3 47. Kh3 Kg6 48. Ra6+ Kf7 49. Ra7+ Kf6 50. Ra6+ Kf5 51. Ra5+ Kg6 52. Ra6+ Kh7 53. Ra7 Rc4 54. Rb7 Rd4 55. Ra7 Kg6 56. Ra6+ Kh7 57. Ra7 Re4 58. Kg2 Kg6 59. Kf3 Re6 60. Rb7 Rf6+ 61. Kg4 Ra6 62. Kh3 Kf6 63. Rc7 h5 64. Rb7 g6 65. Rc7 Kf5 66. Rc5+ Ke4 67. Rc4+ Kf3 68. Rc3+ Kf2 69. Rc2+ Ke3 70. Rc3+ Kd2 71. Rf3 Ke2 72. Rf8 Re6 73. Rf7 Ke1 74. Rf8 Kd2 75. Rf7 Kd3 76. Rf8 Ke4 77. Rf7 Re5 78. Rf6 g5 79. hxg5 Rxg5 80. Kh4 Rg4+ 81. Kxh5 Rxg3 82. Kh6 Ke5 83. Rf8 Ke6 84. Rf1 1/2-1/2


[Site "https://www.chess.com"]

[Event "Titled Tuesday Blitz October 31 Early 2023"]
[White "Andreev, Konstantin"]
[Black "Kostiukov, Alexandr"]
[WhiteFideId "24239305"]
[BlackFideId "14108100"]
[WhiteElo "2557"]
[BlackElo "2421"]
[Result "1-0"]
[Round "9"]
[TimeControl "180+1"]
[Date "2023.10.31"]
[WhiteClock "0:00:40"]
[BlackClock "0:00:00"]
[Board "73"]

1. e4 c6 2. d4 d5 3. e5 Bf5 4. Nf3 e6 5. Be2 c5 6. Be3 Nd7 7. O-O Ne7 8. c4 dxc4 9. Nbd2 Nd5 10. Bg5 Qc7 11. Nxc4 h6 12. Bh4 g5 13. Bg3 Be7 14. Rc1 O-O 15. dxc5 Qxc5 16. Nd6 Bxd6 17. Rxc5 Bxc5 18. Bd3 Bxd3 19. Qxd3 Be7 20. Nd4 Nc5 21. Qf3 Kg7 22. Re1 Rad8 23. h3 a6 24. a3 1-0


[Site "https://www.chess.com"]

[Event "Titled Tuesday Blitz October 31 Early 2023"]
[White "Matveeva, Olga"]
[Black "Brown, Andrew"]
[WhiteFideId "24107018"]
[BlackFideId "3206513"]
[WhiteElo "2422"]
[BlackElo "2553"]
[Result "1/2-1/2"]
[Round "9"]
[TimeControl "180+1"]
[Date "2023.10.31"]
[WhiteClock "0:00:06"]
[BlackClock "0:00:08"]
[Board "74"]

1. d4 Nf6 2. c4 c5 3. d5 d6 4. Nc3 g6 5. e4 Bg7 6. h3 b5 7. cxb5 a6 8. Nf3 O-O 9. bxa6 Nbd7 10. Bd2 Bxa6 11. Bxa6 Rxa6 12. O-O Qa8 13. Qc2 Rb8 14. b3 c4 15. bxc4 Nc5 16. Rfe1 Nfd7 17. Rab1 Rxb1 18. Rxb1 Bxc3 19. Bxc3 Rxa2 20. Rb2 Ra1+ 21. Kh2 f6 22. Nd2 Ne5 23. Rb8+ Qxb8 24. Bxa1 Qb4 25. Qb2 Qa5 26. Qb8+ Kf7 27. Bxe5 fxe5 28. Nb3 Nxb3 29. Qxb3 Qe1 30. Qf3+ Ke8 31. Kg3 Qc1 32. Kh2 h5 33. Qd3 h4 34. Qf3 g5 35. g3 Kd8 36. gxh4 gxh4 37. Qg4 Qh6 38. Kg2 Kc7 39. Kf3 Kb6 40. Ke2 Kc5 41. Qc8+ Kd4 42. Qg4 Kxc4 43. Qf3 Kc5 44. Qc3+ Kb6 45. Qc6+ Ka7 46. Qc7+ Ka6 47. Qxe7 Kb5 48. Qb7+ Kc4 49. Qc6+ Kd4 50. Qa4+ Kc5 51. Qc2+ Kb6 52. Qb3+ Ka5 53. Qc3+ Kb5 54. Qd3+ Kc5 55. Qc3+ Kb5 56. Qb3+ Ka5 57. Qc3+ Kb6 58. Qb4+ Kc7 59. Qc4+ Kd8 60. Qc6 Qh5+ 61. Ke3 Qh6+ 62. Ke2 Qf6 63. f3 Qg6 64. Qa8+ Ke7 65. Qb7+ Kf6 66. Qc8 Qg2+ 67. Ke3 Qg1+ 68. Ke2 Qh2+ 69. Ke3 Qf4+ 70. Ke2 Qh2+ 71. Ke3 Qg1+ 72. Ke2 Qg2+ 73. Ke3 Qg5+ 74. Ke2 Qg2+ 1/2-1/2


[Site "https://www.chess.com"]

[Event "Titled Tuesday Blitz October 31 Early 2023"]
[White "Golubev, Mikhail"]
[Black "Haitin, Ilja"]
[WhiteFideId "14100983"]
[BlackFideId "4501764"]
[WhiteElo "2551"]
[BlackElo "2416"]
[Result "0-1"]
[Round "9"]
[TimeControl "180+1"]
[Date "2023.10.31"]
[WhiteClock "0:00:00"]
[BlackClock "0:00:10"]
[Board "75"]

1. e4 e5 2. Nf3 Nc6 3. Bc4 d6 4. Nc3 Na5 5. Be2 c5 6. a3 Nc6 7. Bc4 Be7 8. d3 Nf6 9. Ng5 O-O 10. h4 Nd4 11. Nd5 h6 12. c3 Ne6 13. Nxf6+ Bxf6 14. Nxe6 Bxe6 15. Bxe6 fxe6 16. Qg4 Qd7 17. Bxh6 d5 18. O-O-O b5 19. exd5 Qxd5 20. Be3 b4 21. Qc4 bxa3 22. Qxd5 axb2+ 23. Kxb2 exd5 24. Bxc5 Rfc8 25. Ba3 e4 26. d4 Rab8+ 27. Kc2 Rc4 28. Bc5 Rc8 29. Rh3 Kf7 30. Ra1 Bxd4 31. Rxa7+ Ke6 32. Bxd4 Rxd4 33. Rxg7 Ra4 34. Rg6+ Ke5 35. Rg5+ Kd6 36. h5 Ra2+ 37. Kb3 Rxf2 38. Rg6+ Kc5 39. h6 Rb8+ 40. Ka3 Ra8+ 41. Kb3 Rb8+ 42. Ka3 Ra8+ 43. Kb3 Rfa2 44. Rc6+ Kxc6 45. h7 Kc5 0-1


[Site "https://www.chess.com"]

[Event "Titled Tuesday Blitz October 31 Early 2023"]
[White "La Villa Rivas, Marlon Javier"]
[Black "NovoselovRoman"]
[WhiteFideId "3519546"]
[WhiteElo "2413"]
[BlackElo "2543"]
[Result "0-1"]
[Round "9"]
[TimeControl "180+1"]
[Date "2023.10.31"]
[WhiteClock "0:00:42"]
[BlackClock "0:00:37"]
[Board "76"]

1. e4 e6 2. d4 d5 3. Nd2 Nf6 4. e5 Nfd7 5. f4 c5 6. c3 Nc6 7. Ndf3 a6 8. Bd3 b5 9. Ne2 Qb6 10. O-O b4 11. f5 cxd4 12. fxe6 fxe6 13. Ng5 dxc3+ 14. Kh1 Ncxe5 15. bxc3 Be7 16. Nd4 Nf6 17. Nxh7 Nxh7 18. Qh5+ Kd7 19. Qxe5 Nf6 20. Nxe6 Bd6 21. Nf8+ Kc7 22. Be3 Bxe5 23. Bxb6+ Kxb6 24. Ng6 Rxh2+ 25. Kg1 Rh5 26. Nxe5 Rxe5 27. cxb4 Bd7 28. a4 Rc8 29. a5+ Ka7 30. Rac1 Rxc1 31. Rxc1 Kb7 32. Rc5 Re3 33. Bf1 Rb3 34. g3 Rxb4 35. Bg2 Rb1+ 36. Kf2 Rb2+ 37. Kg1 Bc6 38. Rc3 Rxg2+ 0-1


[Site "https://www.chess.com"]

[Event "Titled Tuesday Blitz October 31 Early 2023"]
[White "Omariev, Maksim"]
[Black "Fernandez, Michael"]
[WhiteFideId "4193423"]
[BlackFideId "5803560"]
[WhiteElo "2529"]
[BlackElo "2411"]
[Result "0-1"]
[Round "9"]
[TimeControl "180+1"]
[Date "2023.10.31"]
[WhiteClock "0:00:00"]
[BlackClock "0:00:06"]
[Board "77"]

1. g4 e5 2. Bg2 Ne7 3. c4 Ng6 4. d3 Bc5 5. Nc3 Nc6 6. g5 d6 7. h4 h5 8. gxh6 gxh6 9. h5 Nf4 10. Bxf4 exf4 11. Qd2 Nd4 12. O-O-O Qg5 13. Be4 Bg4 14. Nh3 Qxh5 15. Nxf4 Qg5 16. Rdg1 O-O-O 17. e3 Ne6 18. f3 Bxe3 19. Qxe3 Nxf4 20. Rxg4 Nxd3+ 21. Kd2 Qxe3+ 22. Kxe3 Nxb2 23. Bf5+ Kb8 24. Rb1 Nxc4+ 25. Rxc4 Rhe8+ 26. Kd3 Re5 27. Bg4 b6 28. Rcb4 f5 29. Bh3 Rde8 30. Bf1 Re3+ 31. Kd2 Rxf3 32. Bd3 Rf2+ 33. Ne2 h5 34. Rh4 f4 35. Ke1 Rf3 36. Rb3 Ree3 37. Kd2 Rf2 0-1


[Site "https://www.chess.com"]

[Event "Titled Tuesday Blitz October 31 Early 2023"]
[White "Alinasab, Mobina"]
[Black "secrethawk1"]
[WhiteFideId "12528897"]
[WhiteElo "2528"]
[BlackElo "2381"]
[Result "1-0"]
[Round "9"]
[TimeControl "180+1"]
[Date "2023.10.31"]
[WhiteClock "0:00:19"]
[BlackClock "0:00:00"]
[Board "78"]

1. e4 c6 2. d4 d5 3. e5 Bf5 4. h4 h5 5. Bd3 Bxd3 6. Qxd3 e6 7. Nf3 c5 8. dxc5 Bxc5 9. Qb5+ Nd7 10. Bg5 Qc7 11. c3 a6 12. Qe2 Ne7 13. Bxe7 Bxe7 14. Nbd2 Qb6 15. Nb3 a5 16. Nbd4 O-O 17. Ng5 g6 18. f4 Kg7 19. g4 hxg4 20. Qxg4 Rh8 21. h5 Rh6 22. Nxf7 Qxb2 23. Rd1 Qxc3+ 24. Ke2 Qc4+ 25. Ke3 Kxf7 26. hxg6+ Ke8 27. Rxh6 Qc3+ 28. Kf2 Nxe5 29. fxe5 Kd8 30. Nxe6+ Kd7 31. Nd4+ Kc7 32. Rh7 1-0


[Site "https://www.chess.com"]

[Event "Titled Tuesday Blitz October 31 Early 2023"]
[White "Matthes, Aaron"]
[Black "Tologon tegin, Semetei"]
[WhiteFideId "16227310"]
[BlackFideId "13800574"]
[WhiteElo "2334"]
[BlackElo "2524"]
[Result "1-0"]
[Round "9"]
[TimeControl "180+1"]
[Date "2023.10.31"]
[WhiteClock "0:00:43"]
[BlackClock "0:00:00"]
[Board "79"]

1. Nf3 Nc6 2. e3 e5 3. d4 exd4 4. exd4 d5 5. Bd3 Nf6 6. O-O Be7 7. Bg5 O-O 8. c3 Bg4 9. Nbd2 Re8 10. Qc2 h6 11. Bh4 Nh5 12. Bxe7 Qxe7 13. Rae1 Qf6 14. Qb3 Nf4 15. Bb5 Bh3 16. Rxe8+ Rxe8 17. Re1 Rxe1+ 18. Nxe1 Bxg2 19. Nxg2 Nh3+ 20. Kh1 Nxf2+ 21. Kg1 Nh3+ 22. Kh1 Qg5 23. Qc2 Ne7 24. Nf3 Qf6 25. Qe2 c6 26. Bd3 g6 27. Ne3 Nf4 28. Ng4 Qd6 29. Qe5 Qxe5 30. Nfxe5 Nxd3 31. Nxd3 h5 32. Nf6+ Kg7 33. Ne8+ Kh6 34. Nd6 b6 35. Nxf7+ Kg7 36. Nfe5 Kf6 37. Kg2 Kf5 38. Kf3 g5 39. h3 c5 40. dxc5 bxc5 41. Nd7 c4 42. Nb4 g4+ 43. hxg4+ hxg4+ 44. Kg3 Ke4 45. Nf6+ Kf5 46. Nxg4 Ke4 47. Nf6+ Ke3 48. Nfxd5+ Nxd5 49. Nxd5+ Kd2 50. Kf3 Kc2 51. Ke3 Kxb2 52. a4 Kb3 53. a5 Ka4 54. a6 Kb5 55. Kd4 Kxa6 56. Kxc4 Ka5 57. Kc5 Ka4 58. c4 a5 59. Nb6+ Kb3 60. Kd5 Kb4 61. c5 Kb5 62. c6 Kxb6 63. Kd6 a4 64. c7 a3 65. c8=Q a2 66. Qa8 1-0


[Site "https://www.chess.com"]

[Event "Titled Tuesday Blitz October 31 Early 2023"]
[White "chessculator16"]
[Black "Bazilius, Augustinas"]
[BlackFideId "12832251"]
[WhiteElo "2354"]
[BlackElo "2518"]
[Result "0-1"]
[Round "9"]
[TimeControl "180+1"]
[Date "2023.10.31"]
[WhiteClock "0:02:38"]
[BlackClock "0:02:13"]
[Board "80"]

1. d4 Nf6 2. c4 c5 3. d5 e6 4. Nc3 exd5 5. cxd5 d6 6. Nf3 g6 7. Nd2 Bg7 8. e4 O-O 9. Be2 b6 10. O-O Ba6 11. Nc4 b5 12. Ne3 b4 13. Bxa6 Nxa6 14. Ne2 Nc7 15. f3 Nd7 16. Nc4 Ne5 17. Nxe5 Bxe5 18. Bf4 Bxb2 19. Rb1 Bg7 20. Qc1 Nb5 21. Qc4 Na3 0-1


[Site "https://www.chess.com"]

[Event "Titled Tuesday Blitz October 31 Early 2023"]
[White "Purtseladze, Maka"]
[Black "Tharushi, T H D Niklesha"]
[WhiteFideId "13602659"]
[BlackFideId "9918264"]
[WhiteElo "2517"]
[BlackElo "2272"]
[Result "1-0"]
[Round "9"]
[TimeControl "180+1"]
[Date "2023.10.31"]
[WhiteClock "0:00:43"]
[BlackClock "0:01:35"]
[Board "81"]

1. d4 Nf6 2. Nc3 d5 3. Bf4 c5 4. e3 e6 5. Nb5 Na6 6. c3 Bd7 7. Nd6+ Bxd6 8. Bxd6 Qb6 9. Bxc5 Nxc5 10. dxc5 Qxc5 11. Nf3 O-O 12. Qd4 Qxd4 13. exd4 b5 14. Ne5 Be8 15. Bd3 a6 16. f3 Nd7 17. Kd2 f6 18. Nxd7 Bxd7 19. f4 h6 20. h4 e5 21. g3 e4 22. Bc2 Rfe8 23. Bb3 Bc6 24. Ke3 Kf7 25. h5 f5 26. g4 Kf6 27. g5+ hxg5 28. fxg5+ Kxg5 29. Rag1+ Kf6 30. Rg6+ Kf7 31. Rxc6 Rad8 32. Rxa6 Re6 33. Ra7+ Kf6 34. Rg1 1-0


[Site "https://www.chess.com"]

[Event "Titled Tuesday Blitz October 31 Early 2023"]
[White "Topalov, Aleksandar"]
[Black "Estrada Nieto, Julian"]
[WhiteFideId "925659"]
[BlackFideId "5101018"]
[WhiteElo "2269"]
[BlackElo "2516"]
[Result "1-0"]
[Round "9"]
[TimeControl "180+1"]
[Date "2023.10.31"]
[WhiteClock "0:00:54"]
[BlackClock "0:00:00"]
[Board "82"]

1. b3 d5 2. Bb2 Nf6 3. Nf3 Bg4 4. g3 Bxf3 5. exf3 g6 6. f4 Bg7 7. d4 O-O 8. Bd3 c6 9. O-O a5 10. f5 a4 11. fxg6 hxg6 12. Nd2 Nbd7 13. c4 Qa5 14. Qc2 e6 15. Bc3 Qd8 16. Nf3 axb3 17. axb3 Qe7 18. Rfe1 Qd8 19. c5 Qc7 20. b4 Rfb8 21. Ra5 Ne8 22. Rea1 Rxa5 23. bxa5 e5 24. Nxe5 Nxe5 25. dxe5 Bxe5 26. Bxe5 Qxe5 27. Rb1 Nf6 28. Bxg6 fxg6 29. Qxg6+ Kh8 30. a6 Ng8 31. a7 Ra8 32. Rxb7 Qe1+ 33. Kg2 Qe4+ 34. Qxe4 dxe4 35. g4 Nf6 36. Rb8+ Ng8 37. Rxa8 1-0


[Site "https://www.chess.com"]

[Event "Titled Tuesday Blitz October 31 Early 2023"]
[White "HeroRubiksCube"]
[Black "Joshi, Pankaj"]
[BlackFideId "5006210"]
[WhiteElo "2510"]
[BlackElo "2215"]
[Result "0-1"]
[Round "9"]
[TimeControl "180+1"]
[Date "2023.10.31"]
[WhiteClock "0:00:11"]
[BlackClock "0:01:29"]
[Board "84"]

1. e4 e5 2. Nf3 Nc6 3. Bc4 Bc5 4. c3 Nf6 5. d4 exd4 6. e5 d5 7. Bb5 Ne4 8. cxd4 Bb6 9. Nc3 O-O 10. Be3 f5 11. exf6 Nxf6 12. O-O Bg4 13. h3 Bxf3 14. Qxf3 Nxd4 15. Bxd4 Bxd4 16. Qd3 Bxc3 17. bxc3 c6 18. Ba4 Ne4 19. c4 Nc5 20. Qc2 d4 21. Bb3 Nxb3 22. axb3 c5 23. Qe4 b6 24. Rfe1 Qf6 25. f3 Qf7 26. Qc6 Rfe8 27. Rxe8+ Rxe8 28. Rxa7 Re1+ 29. Kf2 Qxa7 30. Kxe1 g6 31. Kf2 Kg7 32. Qd6 Kf7 33. h4 Qe7 34. Qd5+ Kg7 35. h5 Qe3+ 36. Kg3 d3 37. hxg6 hxg6 38. Qd7+ Kh6 39. Qh3+ Kg5 40. Qh4+ Kf5 41. Qd8 d2 42. Qd7+ Kg5 43. Qd8+ Kf5 44. Qd7+ Kf6 45. Qd8+ Kg7 46. Qd7+ Kh6 47. Qh3+ Kg5 48. Qd7 Qe1+ 49. Kh3 Qh4# 0-1


[Site "https://www.chess.com"]

[Event "Titled Tuesday Blitz October 31 Early 2023"]
[White "Jakubowski, Krzysztof"]
[Black "Miszler, Levente"]
[WhiteFideId "1112848"]
[BlackFideId "763276"]
[WhiteElo "2658"]
[BlackElo "2432"]
[Result "1/2-1/2"]
[Round "9"]
[TimeControl "180+1"]
[Date "2023.10.31"]
[WhiteClock "0:00:08"]
[BlackClock "0:00:35"]
[Board "85"]

1. e4 e6 2. d4 d5 3. Nc3 Nf6 4. e5 Nfd7 5. Nce2 c5 6. c3 Nc6 7. Nf3 Qb6 8. a3 f6 9. Nf4 cxd4 10. cxd4 fxe5 11. Nxe6 Nxd4 12. Nfxd4 exd4 13. Qh5+ g6 14. Qxd5 Nf6 15. Qb5+ Qxb5 16. Bxb5+ Kf7 17. Nc7 Rb8 18. Bf4 Bd7 19. Bc4+ Kg7 20. O-O Bc5 21. Rac1 Bb6 22. Ne6+ Bxe6 23. Bxe6 Rbe8 24. Bc4 Rd8 25. Bd3 Nd5 26. Be5+ Kf7 27. Bxh8 Rxh8 28. Bc4 Rd8 29. Rfd1 Kf6 30. Bxd5 Rxd5 31. Rd3 Ke5 32. Kf1 Rd7 33. Rc8 Ke4 34. Ke2 Rf7 35. Re8+ Kd5 36. h4 Kc4 37. b3+ Kd5 38. g3 a5 39. f4 a4 40. bxa4 Kc4 41. Rc8+ Bc5 42. Rd1 Re7+ 43. Kf3 Re3+ 44. Kg4 Rxa3 45. Rc1+ Rc3 46. Rb1 d3 47. Rxb7 d2 48. Rd7 Rc2 49. a5 Kb5 50. Kg5 Be7+ 51. Kh6 Rxc8 52. Rxd2 Rc7 53. Ra2 Bf8+ 54. Kg5 Rc5+ 55. Kf6 Rf5+ 56. Ke6 Ka6 57. Ra4 Bh6 58. g4 Rxf4 59. Rxf4 Bxf4 60. Kf7 Bg3 61. g5 Bxh4 62. Kg7 Bxg5 63. Kxh7 Bd2 64. Kxg6 Bxa5 1/2-1/2


[Site "https://www.chess.com"]

[Event "Titled Tuesday Blitz October 31 Early 2023"]
[White "Todorovic, Bojan"]
[Black "Karamsetty, Jeevan"]
[WhiteFideId "917087"]
[BlackFideId "2025337"]
[WhiteElo "2427"]
[BlackElo "2600"]
[Result "1/2-1/2"]
[Round "9"]
[TimeControl "180+1"]
[Date "2023.10.31"]
[WhiteClock "0:00:40"]
[BlackClock "0:00:28"]
[Board "86"]

1. Nf3 Nf6 2. g3 e6 3. Bg2 d5 4. O-O c5 5. c4 Nc6 6. d4 cxd4 7. Nxd4 Be7 8. Nc3 O-O 9. cxd5 exd5 10. Be3 Nxd4 11. Bxd4 Be6 12. Bxf6 Bxf6 13. Nxd5 Bxd5 14. Qxd5 Qe7 15. Qxb7 Qxb7 16. Bxb7 Rab8 17. Bd5 Rxb2 18. e3 Rd8 19. Rad1 Kf8 20. Bb3 Rxd1 21. Rxd1 Ke7 22. Rd5 Bc3 23. Rb5 f5 24. Rxf5 a5 25. Rf7+ Kd6 26. Rf4 h6 27. h4 Be5 28. Ra4 Bc3 29. Rc4 Bb4 30. Rd4+ Ke5 31. Rd7 g5 32. hxg5 hxg5 33. g4 Ke4 34. Bd5+ Ke5 35. a4 Be1 36. Bc6 Bxf2+ 37. Kg2 Bxe3+ 38. Kf3 Bd2 39. Rd5+ Ke6 40. Rb5 Rxb5 41. Bxb5 Kf6 42. Ke4 Bb4 43. Bc6 Bc3 1/2-1/2


[Site "https://www.chess.com"]

[Event "Titled Tuesday Blitz October 31 Early 2023"]
[White "Ezat, Mohamed"]
[Black "Polaczek, Richard"]
[WhiteFideId "10600906"]
[BlackFideId "200026"]
[WhiteElo "2568"]
[BlackElo "2419"]
[Result "1/2-1/2"]
[Round "9"]
[TimeControl "180+1"]
[Date "2023.10.31"]
[WhiteClock "0:00:36"]
[BlackClock "0:00:25"]
[Board "87"]

1. e4 Nf6 2. e5 Nd5 3. Qf3 c6 4. a3 d6 5. d4 g6 6. h4 h5 7. Qg3 Bg7 8. Bd3 O-O 9. Nf3 Bg4 10. Bg5 Qd7 11. Nbd2 Bf5 12. Ne4 dxe5 13. Nxe5 Bxe5 14. dxe5 Bxe4 15. Bxe4 Qe6 16. Bxd5 cxd5 17. O-O Nc6 18. f3 Rfe8 19. f4 Qf5 20. Rae1 Kh7 21. c3 f6 22. e6 Rad8 23. Qe3 d4 24. cxd4 Rxd4 25. Qb3 Rb8 26. Rc1 Qd5 27. Qg3 Qxe6 28. f5 gxf5 29. Rfe1 Re4 30. Rxe4 Qxe4 31. Re1 Qg4 32. Qc7 fxg5 33. Rxe7+ Nxe7 34. Qxe7+ Kg6 35. Qe6+ Kg7 36. Qe5+ Kg6 37. Qd6+ Kg7 38. Qe7+ Kg6 39. Qe6+ Kg7 40. Qe7+ Kg6 1/2-1/2


[Site "https://www.chess.com"]

[Event "Titled Tuesday Blitz October 31 Early 2023"]
[White "Shubenkova, Veronika"]
[Black "Bashirli, Saadat"]
[WhiteFideId "44124040"]
[BlackFideId "13429990"]
[WhiteElo "2527"]
[BlackElo "2416"]
[Result "1-0"]
[Round "9"]
[TimeControl "180+1"]
[Date "2023.10.31"]
[WhiteClock "0:02:19"]
[BlackClock "0:01:22"]
[Board "88"]

1. e4 e5 2. Nf3 Nc6 3. Bb5 a6 4. Bxc6 dxc6 5. O-O Bg4 6. d3 Bc5 7. Be3 Bxe3 8. fxe3 Nf6 9. Nbd2 O-O 10. Qe1 Qd6 11. Nc4 Qc5 12. Nfxe5 Be6 13. Qg3 Kh8 14. Qg5 Bxc4 15. Nxf7+ Bxf7 16. Qxc5 Rad8 17. Rf3 Bh5 18. Rf4 Rfe8 19. Rxf6 gxf6 20. Qxh5 Kg7 21. Rf1 Re5 22. Rf5 Rde8 23. Qg4+ Kf7 24. Qh4 Rxf5 25. Qxh7+ Ke6 26. Qxf5+ Ke7 27. h4 Rh8 28. h5 Rh6 29. e5 b6 30. exf6+ Rxf6 31. Qg5 1-0


[Site "https://www.chess.com"]